 Dungeon Crawl Stone Soup version 0.26.1-2-gb8aa6d0cf2 (webtiles) character file.

Game seed: 16745562486629577270

2218383 Maplein the Conqueror (level 27, 245/245 HPs)
             Began as a Minotaur Abyssal Knight on Feb 7, 2021.
             Was the Champion of Lugonu.
             Escaped with the Orb
             ... and 4 runes on Mar 3, 2021!
             The game lasted 06:53:11 (83663 turns).

Maplein the Conqueror (Minotaur Abyssal Knight)    Turns: 83663, Time: 06:53:12

Health: 245/245    AC: 34    Str: 32    XL:     27
Magic:  34/34      EV: 37    Int:  2    God:    Lugonu [******]
Gold:   4887       SH: 42    Dex: 17    Spells: 26/26 levels left

rFire    + + .     SeeInvis +   a - +9 broad axe (holy)
rCold    . . .     Faith    .   T - +10 tower shield of Ignorance {rN+ Int-4}
rNeg     + + .     Spirit   .   g - +7 scale mail of the Good {Regen+ rCorr Str+10 SInv Stlth-}
rPois    .         Reflect  +   (helmet unavailable)
rElec    .         Harm     .   I - +4 dragonskin cloak
rCorr    +         Rampage  +   G - +0 pair of gloves of Bright Beauty {Rampage rF+}
Will     +++..                  V - +2 pair of boots {rampage}
Stlth    ..........             S - amulet of reflection
HPRegen  0.00/turn              u - ring of the Hare {EV+8}
MPRegen  0.24/turn              c - ring of willpower

@: no status effects
A: retaliatory headbutt, horns 3, slimy green scales 1, see invisible, dopey 2,
frail 1, inhibited regeneration
0: Orb of Zot
}: 4/15 runes: barnacled, silver, abyssal, gossamer
a: Renounce Religion, Depart the Abyss, Bend Space, Banish, Corrupt, Enter the
Abyss, Brand Weapon With Distortion


You escaped.
You worshipped Lugonu.
Lugonu was exalted by your worship.
You visited 10 branches of the dungeon, and saw 52 of its levels.
You visited the Abyss 3 times.
You visited 1 bazaar.
You also visited: Volcano.

You collected 11617 gold pieces.
You spent 6730 gold pieces at shops.

Inventory:

Hand Weapons
 a - a +9 broad axe of holy wrath (weapon)
 b - a +9 vampiric broad axe
Armour
 g - the +7 scale mail of the Good (worn) {Regen+ rCorr Str+10 SInv Stlth-}
   (You found it on level 8 of the Dungeon)

   It affects your strength (+10).
   It lets you see invisible.
   It increases your rate of regeneration.
   It provides partial protection from all sources of acid and corrosion.
   It makes you less stealthy.
 k - a +2 hat
 G - the +0 pair of gloves of Bright Beauty (worn) {Rampage rF+}
   (You found it on level 5 of the Depths)

   It protects you from fire.
   It bestows one free step when moving towards enemies.
 I - the +4 dragonskin cloak (worn)
   (You took it off Tiamat on level 1 of the Realm of Zot)
 T - the +10 tower shield of Ignorance (worn) {rN+ Int-4}
   (You bought it in a shop on level 12 of the Dungeon)

   It affects your intelligence (-4).
   It protects you from negative energy.
 V - a +2 pair of boots of rampaging (worn)
Jewellery
 c - a ring of willpower (right hand)
 u - the ring of the Hare (left hand) {EV+8}
   (You took it off a deep elf elementalist on level 4 of the Depths)

   [ring of evasion]

   It affects your evasion (+8).
 C - the amulet "Zekaj" {Acrobat rC++}
   (You took it off a wizard on level 4 of the Depths)

   [amulet of the acrobat]

   It helps you evade while moving and waiting.
   It greatly protects you from cold.
 S - an amulet of reflection (around neck)
Wands
 w - a wand of acid (55)
 x - a wand of iceblast (67)
 z - a wand of paralysis (16)
 E - a wand of enslavement (22)
 K - a wand of disintegration (54)
 Q - a wand of random effects (62)
 R - a wand of flame (120) (quivered)
 U - a wand of polymorph (37)
 X - a wand of digging (38)
Scrolls
 d - 3 scrolls of holy word
 e - 29 scrolls of teleportation
 j - 9 scrolls of fear
 l - 10 scrolls of blinking
 o - 8 scrolls of immolation
 r - 20 scrolls of fog
 v - 31 scrolls of remove curse {@r2}
 B - 5 scrolls of magic mapping
 D - 3 scrolls of silence
 H - 22 scrolls of identify {@r1}
 P - a scroll of enchant armour
 Z - 7 scrolls of summoning
Potions
 h - 9 potions of lignification
 i - 2 potions of haste
 m - 3 potions of resistance
 n - 21 potions of attraction
 p - 14 potions of heal wounds
 q - 23 potions of curing {@q1}
 s - 7 potions of might
 t - 5 potions of berserk rage
 J - 11 potions of flight
 M - 3 potions of invisibility
 O - 2 potions of magic
 W - 2 potions of cancellation
 Y - 12 potions of ambrosia
Miscellaneous
 f - a condenser vane
 A - a phial of floods
 F - a phantom mirror
 L - a box of beasts
 N - a tin of tremorstones (2/2)


   Skills:
 O Level 27 Fighting
 - Level 24.0 Axes
 - Level 4.0 Throwing
 + Level 25.9 Armour
 - Level 24.0 Dodging
 - Level 25.0 Shields
 - Level 16.0 Invocations
 - Level 15.0 Evocations


You had 26 spell levels left.
You didn't know any spells.
Your spell library contained the following spells:

 Spells                   Type           Power        Failure   Level
 Animate Skeleton         Necr           0%           65%         1
 Apportation              Tloc           0%           65%         1
 Beastly Appendage        Tmut           0%           65%         1
 Corona                   Hex            0%           65%         1
 Foxfire                  Conj/Fire      0%           65%         1
 Freeze                   Ice            0%           65%         1
 Magic Dart               Conj           0%           65%         1
 Pain                     Necr           0%           65%         1
 Shock                    Conj/Air       0%           65%         1
 Summon Small Mammal      Summ           0%           65%         1
 Blink                    Tloc           N/A          80%         2
 Call Imp                 Summ           0%           80%         2
 Corpse Rot               Necr/Air       N/A          80%         2
 Ensorcelled Hibernation  Hex/Ice        0%           80%         2
 Passwall                 Tmut/Erth      0%           80%         2
 Poisonous Vapours        Pois/Air       0%           80%         2
 Slow                     Hex            0%           80%         2
 Sublimation of Blood     Necr           0%           80%         2
 Swiftness                Air            0%           80%         2
 Wereblood                Tmut           0%           80%         2
 Call Canine Familiar     Summ           0%           95%         3
 Confusing Touch          Hex            0%           95%         3
 Conjure Flame            Conj/Fire      0%           95%         3
 Dazzling Flash           Conj/Hex       0%           95%         3
 Frozen Ramparts          Ice            0%           95%         3
 Gell's Gravitas          Tloc           0%           95%         3
 Ignite Poison            Fire/Tmut/Pois 0%           95%         3
 Inner Flame              Hex/Fire       0%           95%         3
 Lesser Beckoning         Tloc           0%           95%         3
 Mephitic Cloud           Conj/Pois/Air  0%           95%         3
 Ozocubu's Armour         Ice            0%           95%         3
 Portal Projectile        Hex/Tloc       0%           95%         3
 Spider Form              Tmut/Pois      0%           95%         3
 Static Discharge         Conj/Air       0%           95%         3
 Stone Arrow              Conj/Erth      0%           95%         3
 Summon Guardian Golem    Hex/Summ       0%           95%         3
 Teleport Other           Tloc           0%           95%         3
 Tukima's Dance           Hex            0%           95%         3
 Airstrike                Air            0%           100%        4
 Cause Fear               Hex            0%           100%        4
 Dispel Undead            Necr           0%           100%        4
 Hailstorm                Conj/Ice       0%           100%        4
 Ice Form                 Ice/Tmut       0%           100%        4
 Leda's Liquefaction      Hex/Erth       0%           100%        4
 Passage of Golubria      Tloc           N/A          100%        4
 Petrify                  Tmut/Erth      0%           100%        4
 Sticky Flame             Conj/Fire      0%           100%        4
 Summon Ice Beast         Ice/Summ       0%           100%        4
 Summon Lightning Spire   Summ/Air       0%           100%        4
 Agony                    Necr           0%           100%        5
 Alistair's Intoxication  Tmut/Pois      0%           100%        5
 Blade Hands              Tmut           0%           100%        5
 Excruciating Wounds      Necr           0%           100%        5
 Fireball                 Conj/Fire      0%           100%        5
 Irradiate                Conj/Tmut      0%           100%        5
 Lee's Rapid Deconstruct  Erth           0%           100%        5
 Lightning Bolt           Conj/Air       0%           100%        5
 Metabolic Englaciation   Hex/Ice        0%           100%        5
 Silence                  Hex/Air        0%           100%        5
 Yara's Violent Unravell  Hex/Tmut       0%           100%        5
 Death Channel            Necr           0%           100%        6
 Dispersal                Tloc           0%           100%        6
 Eringya's Noxious Bog    Tmut/Pois      0%           100%        6
 Freezing Cloud           Conj/Ice/Air   0%           100%        6
 Invisibility             Hex            0%           100%        6
 Ozocubu's Refrigeration  Ice            0%           100%        6
 Simulacrum               Ice/Necr       0%           100%        6
 Dragon Form              Tmut           0%           100%        7
 Summon Hydra             Summ           0%           100%        7
 Disjunction              Tloc           0%           100%        8
 Dragon's Call            Summ           0%           100%        9


Dungeon Overview and Level Annotations

Branches:
Dungeon (15/15)            Temple (0/1) D:7            Lair (6/6) D:8
 Shoals (4/4) Lair:4       Spider (4/4) Lair:4        Slime (0/5) Lair:6
    Orc (2/2) D:12            Elf (3/3) Orc:2        Vaults (5/5) D:14
  Crypt (3/3) Vaults:3       Tomb (0/3) Crypt:3      Depths (5/5) D:15
    Zot (5/5) Depths:5    Volcano (visited)

Altars:
Ashenzari
Cheibriados
Fedhas
Gozag
Kikubaaqudgha
Makhleb
Nemelex Xobeh
Okawaru
Ru
Trog
Uskayaw
Vehumet
Wu Jian
Xom
Yredelemnul
The Shining One
Beogh
Jiyva
Lugonu

Shops:
D:4 [?   D:9 ?   D:10 (   D:12 [   Orc:1 **   Orc:2 :}(?   Elf:1 (   Elf:2 [
Shoals:2 (   Depths:5 !}=}

Portals:
Hell: Depths:1 Depths:2 Depths:3 Depths:4 Depths:5
Abyss: Depths:4
Pandemonium: Depths:1 Depths:2 Depths:3 Depths:4
Ziggurat: Depths:5
Trove: D:13 (give 8 potions of haste)

Annotations:
D:7 exclusion: oklob plant
Crypt:2 1 transporter
Depths:3 3 runed translucent doors
Zot:5 corrupted


Innate Abilities, Weirdness & Mutations

You reflexively headbutt those who attack you in melee.
You have a pair of large horns on your head.
You are partially covered in slimy green scales. (AC +2)
You have supernaturally acute eyesight. (SInv)
You are very dopey. (Int -4)
You are frail. (-10% HP)
You do not regenerate when monsters are visible.


Message History

(N) Spider Nest (M) Slime Pits (O) Orcish Mines (E) Elven Halls (V) Vaults (C) Crypt (W) Tomb (U) Depths (H) Hell (Z) Zot
Where to? (Enter - D:1 @ (x,y), ? - help)
There is a stone staircase leading up here.
You climb upwards.
There is a stone staircase leading down here.
A Hell Sentinel comes into view.
There is a stone staircase leading up here.
You climb upwards.
There is a stone staircase leading down here.
Aiming: Dig
Press: ? - help, Shift-Dir - straight line A rock wall.
This square is covered in magical glow.
The rock shatters into small pieces.
A rakshasa comes into view. It is wielding a +0 long sword.
There is a staircase leading out of the dungeon here.
You block the rakshasa's attack.
You have escaped!

#..# #.## #.># #..# ##.#
##.## #.# #..#
###############.## #####.#
.................###.....#
################.........#
##### #...#......# ....#
#.@R#......# .##.#
#.....♣♣...# .##.#
####..♣♣...# ..#.#
#........# ###.#
########## ....# ....#
#'..# .#..#


You could see a rakshasa.

Vanquished Creatures
  Tiamat (Zot:1)
  6 ancient liches
  Mennas (Vaults:3)
  8 orbs of fire
  A juggernaut (Depths:2)
  3 Killer Klowns (Zot:5)
  3 caustic shrikes (Depths:5)
  3 curse toes
  Margery (Vaults:3)
  16 golden dragons
  the Enchantress (Depths:1)
  3 bone dragons
  7 liches
  Rupert (D:15)
  18 tentacled monstrosities
  2 Ice Fiends
  5 electric golems
  Asterion (Vaults:3)
  26 Orb Guardians
  2 deep elf blademasters (Elf:3)
  8 titans
  Frances (D:13)
  8 death cobs
  9 quicksilver dragons
  2 deep elf master archers (Elf:3)
  An Executioner (Abyss:1)
  7 tentacled starspawn
  A kraken (Shoals:4)
  7 tengu reavers
  Polyphemus (Shoals:3)
  10 ancient champions
  4 sphinxes
  A revenant (Crypt:3)
  Roxanne (Shoals:3)
  14 shadow dragons
  7 draconian monks
  Kirke (D:13)
  6 storm dragons
  2 nagarajas (Abyss:3)
  9 fire giants
  11 draconian knights
  7 deep elf sorcerers
  16 vault wardens
  7 ghost moths
  5 emperor scorpions
  7 draconian scorchers
  Aizul (Shoals:3)
  6 frost giants
  A caustic shrike zombie (Crypt:2)
  9 deep elf elementalists
  A warmonger (D:15)
  4 draconian stormcallers
  14 ghouls
  4 balrugs
  14 draconian shifters
  14 ironheart preservers
  3 spriggan defenders (Depths:1)
  2 reapers
  21 stone giants
  The ghost of Chiseanne the Fighter, a journeyman DsWn of Gozag (Orc:1)
  7 war gargoyles
  4 vampire knights
  11 draconian annihilators
  A black sun (D:15)
  2 very ugly things
  Nessos (D:12)
  6 deep elf demonologists
  12 large abominations
  12 green draconians
  32 purple draconians
  20 black draconians
  5 white draconians
  14 spark wasps
  3 entropy weavers
  10 deep elf annihilators
  20 yellow draconians
  A lorocyproca (D:3)
  17 ettins
  6 merfolk javelineers
  17 red draconians
  2 dire elephants (Lair:6)
  7 eidola
  14 deep elf death magi
  A fire dragon (shapeshifter) (Depths:2)
  18 fire dragons
  2 blizzard demons (Abyss:3)
  3 mummy priests (Crypt:3)
  2 green deaths
  7 merfolk impalers
  17 yaktaur captains
  13 jiangshi
  11 rakshasas
  6 deep elf high priests
  32 vault guards
  A quicksilver dragon skeleton (Crypt:2)
  5 spriggan air magi
  5 great orbs of eyes
  5 boulder beetles
  7 hydras
  13 ice dragons
  2 catoblepae
  13 centaur warriors
  5 merfolk avatars
  63 two-headed ogres
  29 dancing weapons
  3 merfolk aquamancers
  Erica (D:10)
  3 alligator snapping turtles (Shoals:4)
  21 ogre magi
  A satyr (Shoals:2)
  6 tengu warriors
  5 death knights
  An orc high priest (Elf:1)
  14 deep troll shamans
  8 death yaks
  15 deep troll earth magi
  10 vampire magi
  6 thrashing horrors
  8 spriggan berserkers
  2 shock serpents (Zot:1)
  10 hell knights
  7 wretched stars
  5 soul eaters
  A storm dragon zombie (Crypt:3)
  2 sun demons (D:12)
  37 skeletal warriors
  30 deep elf knights
  2 spatial maelstroms (Abyss:3)
  An iron troll (Depths:2)
  3 sixfirhies
  A gelid demonspawn (Depths:1)
  A glowing orange brain (shapeshifter) (Depths:2)
  2 torturous demonspawn
  10 sea snakes
  6 shadow wraiths
  10 flayed ghosts
  An entropy weaver zombie (Crypt:3)
  17 starcursed masses
  7 glowing orange brains
  4 swamp dragons
  20 deep elf archers
  13 phantasmal warriors
  14 small abominations
  A lindwurm (shapeshifter) (Depths:4)
  72 deep elf magi
  45 deep trolls
  4 wizards
  A bog body (Crypt:2)
  An orb spider (shapeshifter) (Vaults:2)
  A harpy (shapeshifter) (Depths:2)
  19 ironbrand convokers
  A wolf spider zombie (Crypt:3)
  11 orc sorcerers
  23 harpies
  17 orb spiders
  A shining eye (Depths:5)
  2 lindwurms
  7 necromancers
  2 stone giant zombies
  32 wolf spiders
  A human zombie (Vaults:4)
  11 orc knights
  6 fauns
  A frost giant zombie (Abyss:3)
  A glowing shapeshifter (Vaults:5)
  2 shadow dragon skeletons
  10 manticores
  54 ugly things
  28 moths of wrath
  2 black mambas
  12 cyclopes
  2 worldbinders
  24 vault sentinels
  2 rust devils
  10 merfolk sirens
  9 torpor snails
  2 guardian serpents (shapeshifter)
  2 will-o-the-wisps (Abyss:3)
  2 cane toads (shapeshifter)
  A frost giant skeleton (Abyss:1)
  5 smoke demons
  2 apocalypse crabs (Abyss:3)
  8 water nymphs
  An orange demon (Depths:4)
  5 gargoyles
  2 guardian serpents (Abyss:3)
  An eye of devastation (Depths:5)
  A green draconian zombie (Crypt:3)
  A dire elephant skeleton (Crypt:3)
  7 cane toads
  2 kobold demonologists (D:14)
  6 rime drakes
  A catoblepas zombie (Crypt:3)
  9 freezing wraiths
  A black draconian skeleton (Crypt:3)
  A human skeleton (Vaults:4)
  A pale draconian skeleton (Crypt:3)
  3 ice devils
  12 demonic crawlers
  11 komodo dragons
  51 yaktaurs
  2 red devils
  9 trolls
  An efreet (D:15)
  9 guardian mummies (Crypt:3)
  A hydra zombie (Crypt:3)
  6 ancient zymes
  A yaktaur skeleton (Vaults:3)
  A death drake zombie (Crypt:1)
  17 hornets
  34 jumping spiders
  10 polar bears
  2 tengu conjurers
  2 harpy zombies
  A merfolk (shapeshifter) (Vaults:2)
  31 merfolk
  A queen bee (shapeshifter) (D:15)
  A wind drake (shapeshifter) (Depths:1)
  A jumping spider (shapeshifter) (Vaults:3)
  A polar bear (shapeshifter) (Elf:1)
  A hornet (shapeshifter) (D:15)
  A hydra skeleton (Crypt:1)
  3 tyrant leeches (Lair:6)
  14 wind drakes
  A slime creature (shapeshifter) (Vaults:5)
  A tengu simulacrum (Vaults:3)
  38 slime creatures
  11 snapping turtles
  19 raiju
  2 stone giant simulacra
  10 dream sheep
  2 ettin zombies
  2 alligator zombies (Crypt:2)
  8 blink frogs (Lair:1)
  2 harpy skeletons (Volcano)
  A frost giant simulacrum (Vaults:4)
  A meliai zombie (D:15)
  A black mamba zombie (Crypt:1)
  An alligator skeleton (Volcano)
  2 shadows
  5 wraiths
  An air elemental (Elf:1)
  73 redbacks
  5 spriggans
  A spriggan (shapeshifter) (Depths:4)
  30 tarantellas
  5 ynoxinuls
  64 yaks
  3 fire bats (Abyss:3)
  4 flying skulls
  8 wyverns
  14 water elementals
  A hog (shapeshifter) (Depths:2)
  5 chaos spawn
  A golden eye (shapeshifter) (D:14)
  2 golden eyes (Abyss:1)
  A human (shapeshifter) (Vaults:4)
  3 ushabtiu (Crypt:3)
  A wind drake zombie (Crypt:1)
  A wind drake skeleton (Crypt:1)
  4 basilisks
  3 hogs
  A neqoxec (Abyss:1)
  3 fire elementals
  10 wargs
  A naga (shapeshifter) (Vaults:5)
  A water moccasin (shapeshifter) (Depths:3)
  A soldier ant (shapeshifter) (Vaults:2)
  A spatial vortex (Abyss:3)
  4 acid dragons
  17 water moccasins
  24 hell hounds
  A floating eye (Depths:2)
  25 orc warriors
  4 sky beasts
  A dream sheep zombie (Crypt:1)
  5 ice beasts
  5 necrophages
  14 black bears
  A black mamba simulacrum (Crypt:1)
  4 phantoms
  A snapping turtle zombie (Crypt:3)
  53 ogres
  24 boggarts
  4 eyes of draining
  13 wolves (Lair:6)
  17 centaurs
  A yaktaur zombie (Crypt:3)
  A blink frog skeleton (Crypt:1)
  3 big kobolds
  24 bullfrogs
  2 earth elementals
  A draconian skeleton (Crypt:3)
  A wyvern skeleton (Crypt:1)
  9 scorpions
  A water moccasin skeleton (Crypt:1)
  A shapeshifter zombie (Crypt:3)
  A troll zombie (Crypt:1)
  14 killer bees
  An elf simulacrum (Vaults:3)
  2 spriggan skeletons
  A swamp dragon simulacrum (Crypt:3)
  6 wights
  3 electric eels
  5 centaur zombies
  A yaktaur simulacrum (Vaults:1)
  2 crimson imps
  3 quasits
  A human simulacrum (Vaults:3)
  2 iron imps (Depths:4)
  12 hounds
  3 jellies
  15 orc priests
  A bullfrog zombie (D:8)
  4 gnoll shamans
  4 bullfrog skeletons
  5 centaur skeletons
  5 iguanas
  36 orc wizards
  16 worker ants
  5 lightning spires (Zot:1)
  A deep dwarf zombie (Crypt:2)
  An ogre zombie (Crypt:2)
  A big kobold skeleton (Crypt:2)
  A naga skeleton (Volcano)
  2 hound skeletons
  A worker ant zombie (D:8)
  Robin (D:3)
  28 adders
  A gnoll (shapeshifter) (Vaults:5)
  47 gnolls
  3 shadow imps
  6 white imps
  4 ufetubi
  4 oozes
  An adder skeleton (D:8)
  5 worms
  2 dart slugs (D:1)
  5 leopard geckos
  93 orcs
  10 bats
  5 giant cockroaches
  16 goblins
  16 hobgoblins
  21 jackals
  4 quokkas
  A ball python (D:1)
  8 frilled lizards
  A gnoll skeleton (Crypt:3)
  A hobgoblin zombie (Crypt:2)
  24 kobolds
  A leopard gecko skeleton (D:5)
  12 rats
  3 crawling corpses (Vaults:5)
  A lurking horror (Abyss:1)
  12 starspawn tentacles
  3 tentacles (Shoals:4)
2962 creatures vanquished.

Vanquished Creatures (collateral kills)
  3 dancing weapons (Elf:2)
  A deep elf knight (Elf:2)
  A centaur zombie (D:15)
  A jumping spider (Spider:1)
6 creatures vanquished.

Vanquished Creatures (others)
  A quicksilver dragon (Zot:2)
  A draconian monk (Zot:1)
  A draconian stormcaller (Zot:2)
  A draconian annihilator (Zot:2)
  2 black draconians (Zot:1)
  An ice dragon (Depths:5)
  A spriggan berserker (Depths:2)
  A deep elf archer (Vaults:5)
  An air elemental (Elf:3)
  A redback (Spider:4)
  A human (D:13)
  2 orc wizards (Orc:2)
  A kobold (D:10)
  5 ball lightnings (Zot:1)
  A foxfire (Abyss:3)
  85 fungi
  A lurking horror (Abyss:3)
  156 plants
  15 starspawn tentacles
  5 tentacles (Shoals:4)
283 creatures vanquished.

Grand Total: 3251 creatures vanquished

Notes
Turn   | Place    | Note
-------+----------+-------------------------------------------
     0 | Abyss:1  | Maplein the Minotaur Abyssal Knight began the quest for the
                  | Orb.
     0 | Abyss:1  | Reached XP level 1. HP: 19/19 MP: 1/1
    71 | Abyss:2  | Noticed a smoke demon
    71 | D:1      | Escaped the Abyss
    86 | D:1      | You fall into a shaft and drop 1 floor!
   198 | D:2      | Reached skill level 4 in Fighting
   223 | D:2      | Reached XP level 2. HP: 20/28 MP: 2/2
   552 | D:1      | Reached * piety under Lugonu
   570 | D:1      | Reached XP level 3. HP: 31/35 MP: 3/3
   661 | D:1      | Reached skill level 5 in Fighting
  1115 | D:1      | Reached XP level 4. HP: 42/42 MP: 4/4
  1124 | D:1      | Reached ** piety under Lugonu
  1557 | D:2      | Reached XP level 5. HP: 45/48 MP: 5/5
  1973 | D:3      | Reached skill level 5 in Axes
  2259 | D:3      | Noticed Robin
  2290 | D:3      | Killed Robin
  2304 | D:3      | Reached *** piety under Lugonu
  2327 | D:2      | Reached XP level 6. HP: 29/56 MP: 6/6
  2911 | D:3      | Found an ornate altar of the Wu Jian Council.
  3225 | D:4      | Found Karhop's Magic Scroll Shoppe.
  3410 | D:4      | Bought a scroll of identify for 20 gold pieces
  3410 | D:4      | Bought a scroll of fog for 20 gold pieces
  3410 | D:4      | Bought a scroll of identify for 20 gold pieces
  3792 | D:4      | Upgraded the game from 0.26.1 to 0.26.1-2-gb8aa6d0cf2
  3813 | D:4      | Reached XP level 7. HP: 45/61 MP: 8/8
  4715 | D:4      | Found Jeux's Antique Armour Shop.
  4723 | D:4      | Reached **** piety under Lugonu
  5292 | D:4      | Reached skill level 1 in Evocations
  5894 | D:4      | Found an iron altar of Okawaru.
  6000 | D:4      | Reached skill level 5 in Armour
  6152 | D:5      | Entered Level 5 of the Dungeon
  6247 | D:5      | Reached XP level 8. HP: 50/68 MP: 9/9
  7045 | D:5      | Found a sacrificial altar of Ru.
  7045 | D:5      | Found an iron altar of Okawaru.
  7052 | D:5      | Found a faded altar of an unknown god.
  7054 | D:5      | Found a glowing golden altar of the Shining One.
  7056 | D:5      | Found an opulent altar of Gozag.
  7192 | D:6      | Reached skill level 10 in Axes
  7273 | D:4      | Bought a pair of faintly glowing gloves for 228 gold pieces
  7278 | D:4      | Identified the +0 pair of gloves of the Spider Nest {rElec
                  | rPois rC+ Slay-5} (You bought it in a shop on level 4 of
                  | the Dungeon)
  7398 | D:6      | Reached skill level 6 in Fighting
  7482 | D:6      | Found a snail-covered altar of Cheibriados.
  7623 | D:6      | Reached skill level 7 in Fighting
  7992 | D:6      | Reached skill level 8 in Fighting
  8189 | D:6      | Reached ***** piety under Lugonu
  8191 | D:6      | Reached XP level 9. HP: 69/81 MP: 10/10
  8811 | D:7      | Found a staircase to the Ecumenical Temple.
  9779 | D:7      | Found a hide-covered altar of Uskayaw.
  9780 | D:7      | Noticed a +0 hand axe
  9780 | D:7      | Noticed a +0 hand axe
 10196 | D:7      | Found a blossoming altar of Fedhas.
 10208 | D:7      | Noticed an oklob plant
 11140 | D:8      | Found a staircase to the Lair.
 11644 | D:8      | Found a shimmering altar of Xom.
 11645 | D:8      | Noticed a frost giant
 11646 | D:8      | Found a transporter.
 11659 | D:8      | Found a transporter.
 11680 | D:8      | Reached XP level 10. HP: 84/88 MP: 12/12
 12096 | D:8      | Noticed a two-headed ogre
 12238 | D:8      | Killed a two-headed ogre
 12418 | Lair:1   | Entered Level 1 of the Lair of Beasts
 12799 | Lair:1   | Noticed an eight-headed hydra
 12948 | Lair:1   | Banished an eight-headed hydra
 12949 | Lair:1   | Reached skill level 5 in Dodging
 13247 | Lair:1   | Reached skill level 9 in Fighting
 13693 | Lair:1   | Noticed a cane toad
 13712 | Lair:1   | Banished a cane toad
 13713 | Lair:1   | Reached skill level 5 in Invocations
 13751 | Lair:1   | Reached XP level 11. HP: 31/97 MP: 13/13
 13758 | Lair:1   | Reached skill level 1 in Throwing
 14241 | Lair:1   | Noticed an eight-headed hydra
 14253 | Lair:1   | Banished an eight-headed hydra
 14719 | Lair:2   | Noticed a five-headed hydra
 14751 | Lair:2   | Banished a five-headed hydra
 15192 | Lair:2   | Reached skill level 15 in Axes
 15850 | D:9      | Found a broken altar of Ashenzari.
 15929 | D:9      | Noticed a two-headed ogre
 15993 | D:9      | Noticed a six-headed hydra
 16010 | D:9      | Found a transporter.
 16033 | D:9      | Found Yloech's Magic Scroll Shop.
 16302 | D:4      | Bought an ichor-stained scale mail for 216 gold pieces
 16313 | D:4      | Identified the +1 scale mail "Wiats" {Str+3 Stlth+} (You
                  | bought it in a shop on level 4 of the Dungeon)
 16415 | D:9      | Bought a scroll of identify for 24 gold pieces
 16459 | D:9      | Found a transporter.
 16981 | D:9      | Found a burning altar of Makhleb.
 17079 | D:10     | Entered Level 10 of the Dungeon
 17575 | D:10     | Noticed Erica
 17687 | D:10     | Killed Erica
 17688 | D:10     | Reached skill level 1 in Shields
 17968 | D:10     | Found Pezy's Antique Weapon Shoppe.
 18026 | D:10     | Noticed a two-headed ogre
 18030 | D:10     | Killed a two-headed ogre
 18031 | D:10     | Reached skill level 5 in Shields
 18118 | D:10     | Noticed a two-headed ogre
 18124 | D:10     | Killed a two-headed ogre
 18257 | D:10     | Noticed a two-headed ogre
 18260 | D:10     | Killed a two-headed ogre
 18261 | D:10     | Reached XP level 12. HP: 101/104 MP: 14/14
 19821 | Lair:4   | Reached skill level 10 in Shields
 19851 | Lair:4   | Found a staircase to the Shoals.
 19942 | Lair:4   | Found a dark tunnel.
 20000 | Volcano  | Entered a volcano
 20588 | Volcano  | Reached skill level 5 in Evocations
 21230 | Lair:4   | Noticed an eight-headed hydra
 21235 | Lair:4   | Banished an eight-headed hydra
 21332 | Lair:4   | Found a hole to the Spider Nest.
 21662 | Lair:4   | Reached skill level 10 in Fighting
 22376 | Lair:4   | Paralysed by a hornet for 2 turns
 22379 | Lair:4   | Reached XP level 13. HP: 77/113 MP: 16/16
 22878 | D:4      | Bought a pair of runed boots for 180 gold pieces
 22888 | D:4      | Bought an encrusted ring mail for 216 gold pieces
 22898 | D:4      | Identified the +1 ring mail of the Arcane {rElec rC+ Dex-5
                  | Slay+6} (You bought it in a shop on level 4 of the Dungeon)
 23894 | Lair:5   | You fall into a shaft and drop 1 floor!
 23894 | Lair:6   | Entered Level 6 of the Lair of Beasts
 25736 | Lair:6   | Found a viscous altar of Jiyva.
 25737 | Lair:6   | Found a staircase to the Slime Pits.
 26880 | Lair:6   | Reached XP level 14. HP: 96/121 MP: 17/17
 26885 | Lair:6   | Reached skill level 15 in Shields
 28070 | Lair:6   | Reached skill level 10 in Armour
 28157 | Lair:6   | Reached skill level 11 in Fighting
 28644 | Lair:6   | Found a runed translucent door.
 28779 | Lair:6   | Paralysed by a hornet for 3 turns
 30810 | D:12     | Found a staircase to the Orcish Mines.
 30844 | D:12     | Reached ****** piety under Lugonu
 31065 | D:12     | Found Kamuun Gyps's Armour Shop.
 31081 | D:12     | Bought a +2 pair of gloves of strength for 258 gold pieces
 31377 | D:12     | Noticed Nessos
 31388 | D:12     | Killed Nessos
 31908 | D:12     | Reached skill level 12 in Fighting
 32401 | D:13     | Noticed Kirke
 32640 | Orc:1    | Entered Level 1 of the Orcish Mines
 32720 | D:12     | Bought the +10 tower shield of Ignorance {rN+ Int-4} for
                  | 687 gold pieces
 32720 | D:12     | Found the +10 tower shield of Ignorance {rN+ Int-4}
 32826 | Orc:1    | Found a runed translucent gate.
 32827 | Orc:1    | Found a runed translucent gate.
 32827 | Orc:1    | Found an opulent altar of Gozag.
 32828 | Orc:1    | Found a runed translucent gate.
 32830 | Orc:1    | Found Yfaraj's Assorted Antiques.
 32830 | Orc:1    | Noticed Chiseanne's ghost (journeyman DsWn)
 32832 | Orc:1    | Found Qauck's Assorted Antiques.
 33109 | D:8      | Killed a frost giant
 33148 | D:8      | Got a masterwork scale mail
 33159 | D:8      | Identified the +7 scale mail of the Good {Regen+ rCorr
                  | Str+10 SInv Stlth-} (You found it on level 8 of the
                  | Dungeon)
 33757 | D:9      | Got a faintly glowing amethyst amulet
 33769 | D:9      | Identified the amulet "Asasoy" {Spirit rF+++ Int+4 Dex-2
                  | Slay-4} (You found it on level 9 of the Dungeon)
 33980 | Orc:1    | You fall into a shaft and drop 1 floor!
 33980 | Orc:2    | Entered Level 2 of the Orcish Mines
 33980 | Orc:2    | Found Guufiss's Book Shop.
 33986 | Orc:2    | Paralysed by an orc sorcerer for 6 turns
 34056 | Orc:2    | Found a staircase to the Elven Halls.
 34282 | Orc:1    | Found a bloodstained altar of Trog.
 34427 | Orc:1    | Reached XP level 15. HP: 132/132 MP: 20/20
 34617 | Orc:1    | Killed Chiseanne's ghost
 34618 | Orc:1    | Reached skill level 10 in Dodging
 34627 | Orc:1    | Bought a scroll of identify for 38 gold pieces
 34627 | Orc:1    | Bought a scroll of identify for 38 gold pieces
 34627 | Orc:1    | Bought a scroll of identify for 38 gold pieces
 34627 | Orc:1    | Identified a scroll of acquirement
 34629 | Orc:1    | Acquired 694 gold pieces
 34809 | D:9      | Bought a scroll of acquirement for 624 gold pieces
 34810 | D:9      | Acquired a +3 broad axe of holy wrath
 34958 | Orc:1    | Bought a condenser vane for 760 gold pieces
 35246 | Orc:2    | Found a radiant altar of Vehumet.
 35256 | Orc:2    | Found Coqeogg's Gadget Shop.
 35308 | Orc:2    | Found an ancient bone altar of Kikubaaqudgha.
 35392 | Orc:2    | Found Cemadghanekh's Antique Weapon Shop.
 35392 | Orc:2    | Found a roughly hewn altar of Beogh.
 35394 | Orc:2    | Found Fuleur's Magic Scroll Boutique.
 35423 | Orc:2    | Bought a scroll of fog for 20 gold pieces
 35423 | Orc:2    | Bought a scroll of teleportation for 30 gold pieces
 35423 | Orc:2    | Bought a scroll of teleportation for 30 gold pieces
 35820 | Spider:1 | Entered Level 1 of the Spider Nest
 38577 | Spider:3 | Noticed a ghost moth
 38587 | Spider:3 | Killed a ghost moth
 39123 | Spider:3 | Reached XP level 16. HP: 126/139 MP: 21/21
 39264 | Spider:4 | Entered Level 4 of the Spider Nest
 39942 | Spider:4 | Reached skill level 13 in Fighting
 40681 | Spider:4 | Got a gossamer rune of Zot
 41032 | D:9      | Bought a scroll of enchant weapon for 90 gold pieces
 41032 | D:9      | Bought a scroll of fog for 24 gold pieces
 41032 | D:9      | Bought a scroll of teleportation for 36 gold pieces
 41032 | D:9      | Bought a scroll of silence for 90 gold pieces
 41215 | Elf:1    | Entered Level 1 of the Elven Halls
 41549 | Elf:1    | Found Quxo Aly's Antique Weapon Shoppe.
 42046 | Elf:1    | Reached XP level 17. HP: 150/150 MP: 22/22
 42555 | Elf:2    | Found Secil's Antique Armour Boutique.
 42647 | Elf:2    | Reached skill level 14 in Fighting
 42773 | Elf:2    | Found a runed translucent gate.
 42773 | Elf:2    | Found a runed translucent gate.
 42774 | Elf:2    | Found a runed translucent gate.
 43584 | Elf:3    | Entered Level 3 of the Elven Halls
 43762 | Elf:3    | Noticed a deep elf blademaster
 43780 | Elf:3    | Killed a deep elf blademaster
 43781 | Elf:3    | Reached skill level 15 in Fighting
 43892 | Elf:3    | Noticed a deep elf blademaster
 43904 | Elf:3    | Killed a deep elf blademaster
 44106 | Elf:3    | Noticed a Tzitzimitl
 44242 | Elf:3    | Noticed a Hell Sentinel
 44246 | Elf:3    | Noticed a Tzitzimitl
 44581 | Elf:3    | Lost intelligence.
 44787 | Elf:3    | Noticed an Ice Fiend
 44960 | Elf:3    | Reached XP level 18. HP: 166/166 MP: 23/23
 45009 | Elf:3    | Reached skill level 16 in Fighting
 45925 | Elf:3    | Noticed an Ice Fiend
 45998 | Elf:3    | Noticed a Hell Sentinel
 46221 | Elf:3    | Identified the +3 rapier of the Spectre {freeze, rF+ Int+4
                  | Stlth-}
 46224 | Elf:3    | Identified the +1 leather armour "Ylul" {*Corrode rPois
                  | Dex+4 Stlth+}
 46252 | Elf:3    | Reached skill level 17 in Fighting
 46708 | D:13     | Killed Kirke
 46727 | D:13     | Found a portal to a secret trove of treasure.
 47004 | D:13     | Noticed Frances
 47034 | D:13     | Killed Frances
 47813 | D:14     | You fall into a shaft and drop 1 floor!
 47813 | D:15     | Entered Level 15 of the Dungeon
 48107 | D:14     | Found a gate to the Vaults.
 48413 | D:15     | Reached skill level 15 in Armour
 48505 | D:15     | Reached XP level 19. HP: 179/179 MP: 24/24
 48532 | D:15     | Found a sparkling altar of Nemelex Xobeh.
 48554 | D:15     | Noticed Rupert
 48572 | D:15     | Killed Rupert
 48573 | D:15     | Reached skill level 18 in Fighting
 49302 | D:15     | Found a staircase to the Depths.
 49597 | Vaults:1 | Entered Level 1 of the Vaults
 49871 | Vaults:1 | Reached skill level 10 in Invocations
 50539 | Vaults:1 | Acquired a +2 pair of boots of rampaging
 51054 | Orc:1    | Bought a scroll of acquirement for 1924 gold pieces
 51055 | Orc:1    | Acquired a manual of Fighting
 51343 | Vaults:1 | Paralysed by an ogre mage for 4 turns
 51733 | Vaults:2 | Reached XP level 20. HP: 182/189 MP: 27/27
 51737 | Vaults:2 | Reached skill level 19 in Fighting
 51884 | Vaults:2 | Identified the +8 scythe of Taelenna {vorpal, Str+4}
 52024 | Vaults:2 | Reached skill level 20 in Fighting
 52627 | Vaults:2 | Reached skill level 21 in Fighting
 52695 | Vaults:2 | Got a pitted ring mail
 52696 | Vaults:2 | Identified the +1 ring mail of the Lion {Will- Str+3 Int+7}
                  | (You found it on level 2 of the Vaults)
 53018 | Vaults:2 | Reached skill level 22 in Fighting
 53378 | Vaults:3 | Noticed Asterion
 53395 | Vaults:3 | Killed Asterion
 53512 | Vaults:3 | Noticed Margery
 53526 | Vaults:3 | Killed Margery
 53881 | Vaults:3 | Reached skill level 10 in Evocations
 54089 | Vaults:3 | Reached skill level 23 in Fighting
 54634 | Vaults:3 | Got an encrusted mace
 54635 | Vaults:3 | Identified the +10 mace of Blood {venom, Dex+3} (You found
                  | it on level 3 of the Vaults)
 54834 | Vaults:3 | Found a staircase to the Crypt.
 54909 | Vaults:4 | Reached XP level 21. HP: 210/211 MP: 28/28
 55051 | Vaults:4 | Noticed Mennas
 55101 | Vaults:3 | Killed Mennas
 56430 | Crypt:1  | Entered Level 1 of the Crypt
 57133 | Crypt:1  | Reached skill level 15 in Dodging
 57475 | Crypt:2  | Reached XP level 22. HP: 191/220 MP: 30/30
 57830 | Crypt:2  | Found a transporter.
 58062 | Crypt:3  | Entered Level 3 of the Crypt
 58629 | Crypt:3  | Found a staircase to the Tomb.
 59045 | Crypt:3  | Got a smoking buckler
 59046 | Crypt:3  | Identified the +1 buckler "Punar" {*Contam Int+8} (You
                  | found it on level 3 of the Crypt)
 59055 | Crypt:3  | Found a basalt altar of Yredelemnul.
 59055 | Crypt:3  | Found an ancient bone altar of Kikubaaqudgha.
 59055 | Crypt:3  | Noticed a curse toe
 59093 | Crypt:3  | Killed a curse toe
 60224 | Shoals:1 | Entered Level 1 of the Shoals
 62938 | Shoals:2 | Found Mamogol's Antique Weapon Shop.
 63307 | Shoals:3 | Noticed Aizul
 63318 | Shoals:3 | Killed Aizul
 63427 | Shoals:3 | Reached XP level 23. HP: 200/226 MP: 31/31
 63514 | Shoals:3 | Identified Roxanne's Papyrus of Changing
 63514 | Shoals:3 | Noticed Roxanne
 63570 | Shoals:3 | Killed Roxanne
 63739 | Shoals:3 | Noticed Polyphemus
 63756 | Shoals:3 | Killed Polyphemus
 63944 | Shoals:4 | Entered Level 4 of the Shoals
 64395 | Shoals:4 | Got a barnacled rune of Zot
 64549 | Shoals:4 | Got a crude amethyst amulet
 64550 | Shoals:4 | Identified the amulet of Vorphau {Spirit rF+ Int+4} (You
                  | found it on level 4 of the Shoals)
 65296 | Depths:1 | Entered Level 1 of the Depths
 65512 | Depths:1 | Found a gateway to Hell.
 65603 | Depths:1 | Noticed the Enchantress
 65610 | Depths:1 | Cast into level 2 of the Abyss (spriggan defender)
 65624 | Depths:1 | Escaped the Abyss
 65670 | Depths:1 | Killed the Enchantress
 66148 | Depths:1 | Found a one-way gate leading to the halls of Pandemonium.
 66551 | Depths:2 | Reached skill level 24 in Fighting
 66974 | Depths:2 | Reached XP level 24. HP: 231/238 MP: 32/32
 66995 | Depths:2 | Paralysed by a floating eye for 3 turns
 67049 | Depths:2 | Noticed a juggernaut
 67049 | Depths:2 | Noticed an ancient lich
 67069 | Depths:2 | Killed an ancient lich
 67079 | Depths:2 | Killed a juggernaut
 67157 | Depths:2 | Identified the Handbook of Captivating Unholy Rites
 67183 | Depths:2 | Acquired 1117 gold pieces
 67194 | Depths:2 | Got a bloodstained plate armour
 67195 | Depths:2 | Identified the +9 plate armour "Burr" {rElec MP+9 Int-3
                  | Dex+4 SInv} (You found it on level 2 of the Depths)
 67899 | Depths:3 | Reached skill level 15 in Invocations
 68165 | Depths:3 | Found a runed translucent gate.
 68165 | Depths:3 | Found a runed translucent gate.
 68165 | Depths:3 | Found a runed translucent gate.
 68254 | Depths:3 | Found a runed translucent gate.
 68254 | Depths:3 | Found a runed translucent gate.
 68254 | Depths:3 | Found a runed translucent gate.
 68355 | Depths:3 | Got a bloodstained plate armour
 68356 | Depths:3 | Identified the +4 plate armour of the Harp {Int+4} (You
                  | found it on level 3 of the Depths)
 68830 | Depths:4 | Identified the amulet "Zekaj" {Acrobat rC++}
 69064 | Depths:4 | Found a flickering gateway to a bazaar.
 69080 | Bazaar   | Entered a bazaar
 69082 | Bazaar   | Found Fov Muk's Assorted Antiques.
 69085 | Bazaar   | Found Ifreufept's Assorted Antiques.
 69090 | Bazaar   | Bought a potion of heal wounds for 105 gold pieces
 69106 | Bazaar   | Found Ferieh Dony's Armour Shop.
 69127 | Bazaar   | Found Lottorefu's Jewellery Emporium.
 69426 | Depths:4 | Found a corrupted altar of Lugonu.
 69427 | Depths:4 | Found a one-way gate to the infinite horrors of the Abyss.
 69688 | Depths:5 | Entered Level 5 of the Depths
 69691 | Depths:5 | Got a pair of masterwork gloves
 69692 | Depths:5 | Identified the +0 pair of gloves of Bright Beauty {Rampage
                  | rF+} (You found it on level 5 of the Depths)
 69723 | Depths:5 | Reached XP level 25. HP: 245/245 MP: 34/34
 70017 | Depths:5 | Found a gateway to a ziggurat.
 70222 | Depths:5 | Found a gate to the Realm of Zot.
 70677 | Depths:5 | Found Imooph's Distillery.
 70686 | Depths:5 | Bought 2 potions of haste for 520 gold pieces
 70686 | Depths:5 | Bought a potion of curing for 78 gold pieces
 70686 | Depths:5 | Bought a potion of curing for 78 gold pieces
 70686 | Depths:5 | Bought a potion of heal wounds for 130 gold pieces
 70686 | Depths:5 | Bought 2 potions of might for 208 gold pieces
 70709 | Depths:5 | Found Zionyfy's Jewellery Shoppe.
 70710 | Depths:5 | Found Nilaug's Gadget Boutique.
 70710 | Depths:5 | Found Gin Dax's Gadget Boutique.
 71059 | Vaults:5 | Entered Level 5 of the Vaults
 71070 | Vaults:5 | Reached skill level 15 in Evocations
 71113 | Vaults:5 | Noticed an ancient lich
 71118 | Vaults:5 | Reached skill level 25 in Fighting
 71307 | Vaults:5 | Reached XP level 26. HP: 260/260 MP: 34/34
 71331 | Vaults:5 | Killed an ancient lich
 71332 | Vaults:5 | Reached skill level 26 in Fighting
 71357 | Vaults:5 | Identified the ring "Mosuahui" {rPois Will- Str+3 Dex+9
                  | Stlth+}
 71645 | Vaults:5 | Identified the Tome of Supportive Sinister Secrets
 71882 | Vaults:5 | Got a silver rune of Zot
 72044 | Vaults:5 | Found the +9 heavy crossbow "Sniper" {vorpal, Acc+∞ SInv}
 72224 | Vaults:5 | Got slimy fire dragon scales
 72225 | Vaults:5 | Identified the +1 fire dragon scales of Foolhardiness
                  | {rPois rF++ rC- Str+3 Stlth+} (You found it on level 5 of
                  | the Vaults)
 72242 | Vaults:5 | Identified the Compendium of Stones and Translocation
 73085 | Depths:4 | Voluntarily entered the Abyss.
 73122 | Abyss:1  | Found a corrupted altar of Lugonu.
 73684 | Abyss:1  | Paralysed by accursed screaming for 1 turns
 73876 | Abyss:1  | Reached skill level 27 in Fighting
 73959 | Abyss:3  | Found a corrupted altar of Lugonu.
 73990 | Abyss:3  | Found a corrupted altar of Lugonu.
 74360 | Abyss:3  | Found a blossoming altar of Fedhas.
 74747 | Abyss:3  | Got an abyssal rune of Zot
 74749 | Depths:4 | Escaped the Abyss
 74975 | Zot:1    | Entered Level 1 of the Realm of Zot
 74989 | Zot:1    | Reached XP level 27. HP: 273/273 MP: 34/34
 75163 | Zot:1    | Found the +4 dragonskin cloak
 75163 | Zot:1    | Noticed Tiamat
 75196 | Zot:1    | Killed Tiamat
 76685 | Zot:2    | Got a translucent silver ring
 76687 | Zot:2    | Identified the ring "Dumoal Xiol" {rPois rC- Str+7 Dex+6
                  | Slay+2} (You found it on level 2 of the Realm of Zot)
 79156 | Zot:4    | Noticed an orb of fire
 79169 | Zot:4    | Gained mutation: You are dopey. (Int -2) [an orb of fire]
 79172 | Zot:4    | Killed an orb of fire
 79708 | Zot:5    | Entered Level 5 of the Realm of Zot
 80386 | Zot:5    | Corrupted Zot:5
 80408 | Zot:5    | Noticed an ancient lich
 80430 | Zot:5    | Killed an ancient lich
 80447 | Zot:5    | Noticed an orb of fire
 80458 | Zot:5    | Killed an orb of fire
 80461 | Zot:5    | Noticed an orb of fire
 80469 | Zot:5    | Gained mutation: You have supernaturally acute eyesight.
                  | (SInv) [an orb of fire]
 80473 | Zot:5    | Gained mutation: You are partially covered in slimy green
                  | scales. (AC +2) [an orb of fire]
 80479 | Zot:5    | Killed an orb of fire
 80615 | Zot:5    | Noticed an ancient lich
 80618 | Zot:5    | Noticed an ancient lich
 80624 | Zot:5    | Killed an ancient lich
 80629 | Zot:5    | Killed an ancient lich
 80681 | Zot:5    | Noticed an orb of fire
 80697 | Zot:5    | Gained mutation: You are clumsy. (Dex -2) [an orb of fire]
 80697 | Zot:5    | Gained mutation: You have a pair of large horns on your
                  | head. [an orb of fire]
 80704 | Zot:5    | Gained mutation: Your muscles are strong. (Str +2) [an orb
                  | of fire]
 80716 | Zot:5    | Killed an orb of fire
 80797 | Zot:5    | Noticed an orb of fire
 80810 | Zot:5    | Gained mutation: You are very dopey. (Int -4) [an orb of
                  | fire]
 80811 | Zot:5    | Killed an orb of fire
 80818 | Zot:5    | Noticed an ancient lich
 80827 | Zot:5    | Killed an ancient lich
 80886 | Zot:5    | Noticed an orb of fire
 80887 | Zot:5    | Noticed an orb of fire
 80890 | Zot:5    | Noticed an orb of fire
 80906 | Zot:5    | Killed an orb of fire
 80953 | Zot:5    | Gained mutation: You do not regenerate when monsters are
                  | visible. [an orb of fire]
 80962 | Zot:5    | Gained mutation: You occasionally shout uncontrollably at
                  | your foes. [an orb of fire]
 80963 | Zot:5    | Lost mutation: Your muscles are strong. (Str +2) [an orb of
                  | fire]
 80966 | Zot:5    | Gained mutation: You tend to lose your temper in combat.
                  | [an orb of fire]
 80968 | Zot:5    | Gained mutation: You are very clumsy. (Dex -4) [an orb of
                  | fire]
 80975 | Zot:5    | Killed an orb of fire
 81503 | Vaults:4 | Lost mutation: You are very clumsy. (Dex -4) [potion of
                  | mutation]
 81503 | Vaults:4 | Lost mutation: You occasionally shout uncontrollably at
                  | your foes. [potion of mutation]
 81503 | Vaults:4 | Lost mutation: You tend to lose your temper in combat.
                  | [potion of mutation]
 81503 | Vaults:4 | Gained mutation: You are frail. (-10% HP) [potion of
                  | mutation]
 81503 | Vaults:4 | Lost mutation: You are clumsy. (Dex -2) [potion of
                  | mutation]
 82625 | Zot:5    | Killed an orb of fire
 82939 | Zot:5    | Got the Orb of Zot
 83663 | D:$      | Escaped with the Orb!

Illustrated notes

Levels and vault maps discovered:
D:1:      amcnicky_arrival_single_pillar, layout_basic, minivault_11
D:2:      layout_rooms
D:3:      layout_rooms, nzn_wu_jian_contemplation, uniq_robin
D:4:      lemuel_castle_with_subvaults [lemuel_castle_interior_original],
          layout_basic, serial_shops,
          nicolae_shop_temple_entry_statues_fountains, kennysheep_mini_moat,
          kennysheep_okawaru_gauntlet
D:5:      layout_loops_ring, chequers_temple_overflow_minitemple
D:6:      layout_loops_ring, basic_altar, kennysheep_generic_room_11
D:7:      layout_layer_cave, dancing_weapons_uskayaw,
          minmay_temple_entry_from_below_a, tgw_fedhas
D:8:      layout_loops_ring, gammafunk_temple_overflow_arena,
          due_lair_maze_entry_diamond
D:9:      gammafunk_the_bubble [the_bubble_gammafunk_grid], layout_basic,
          nicolae_overflow_hidden_temple, lightli_temple_of_fire, serial_shops,
          shop_scrolls
D:10:     layout_long_grid, serial_shops, shop_coins, uniq_erica
D:11:     layout_cave_pools
D:12:     layout_gridville, david_orc_1_choice, serial_shops,
          nicolae_shop_window_shopping, kennysheep_opposing_triangles,
          uniq_nessos
D:13:     layout_cave_pods, enter_trove_6, uniq_frances, uniq_kirke
D:14:     layout_rooms, grunt_vaults_entry_fortified,
          chequers_serial_rivers_small_3
D:15:     gammafunk_enter_depths_forms, layout_grid_maze, serial_bayou_shore_a,
          wad_floor_pattern_2, grunt_decor_arrowhead,
          nemelex_diamond_rough_becter, uniq_rupert
Lair:1:   layout_loops_ring
Lair:2:   layout_loops_ring, chequers_serial_rivers_micro_e
Lair:3:   layout_gridlike
Lair:4:   minmay_lair_venomous_thicket, layout_regular_city, shoals_dummy_entry,
          nicolae_spider_entry_non_spiders, gauntlet_entry_generic,
          nicolae_volcano_entry_vermiform, minmay_lair_drake_nest,
          serial_bayou_shore_b, infiniplex_staircase_pool_2
Lair:5:   layout_long_grid, infiniplex_staircase_pool
Lair:6:   hangedman_lair_caniforms_friends, layout_cellular_growth, wormcave,
          slime_altar_1, grunt_megastairs_3
Shoals:1: layout_shoals
Shoals:2: layout_shoals, serial_shops, nicolae_shop_stone
Shoals:3: layout_shoals, overgrown_tower, uniq_aizul, uniq_polyphemus,
          uniq_roxanne
Shoals:4: shoals_end_hangedman, layout_shoals, ldierk_geyser,
          nicolae_shoals_isolated_beach
Spider:1: layout_chambers, guppyfry_spider_mini_1
Spider:2: layout_spider_delve
Spider:3: layout_spider_delve, nicolae_spider_shape
Spider:4: grunt_spider_rune_parallel
Orc:1:    layout_diamond_mine, ebering_ghost_gozag, trog_hazing_becter
Orc:2:    kennysheep_orc_mage_school, layout_caves
Elf:1:    layout_gridlike, hangedman_elven_crosses_minicolossus,
          minmay_shop_star
Elf:2:    layout_geoelf_octagon, serial_shops, nicolae_shop_stone
Elf:3:    grunt_elf_hall_diamonds, layout_gridlike, billiards_dpeg
Vaults:1: v_rooms_5, v_pattern_1, ontoclasm_vaults_claustrophobia,
          nicolae_vaults_what_the_h, vaults_mumra_lcd, v_misc_28,
          grunt_vaults_funnel, layout_vaults_omnigrid
Vaults:2: vaults_room_pools, vaults_dpeg_encased_lava,
          nicolae_vaults_windows_and_doors_thing, v_misc_11, v_misc_9, st_star,
          ontoclasm_vaults_fault, grunt_vaults_hallway_long,
          vaults_room_door_hall, ontoclasm_vaults_ring_square, v_alt_pattern_5,
          hangedman_vaults_impose, layout_vaults_omnicross
Vaults:3: minmay_crypt_entry_simple_walls, ontoclasm_vaults_echo,
          vaults_mumra_chevron, vaults_dpeg_doors, vaults_dpeg_ring,
          ontoclasm_vaults_gateway, v_misc_27,
          nicolae_vaults_stairing_the_circle, vaults_room_stairs_pillars,
          v_misc_29, vaults_room_semicircle, layout_vaults_chaotic_city,
          uniq_asterion, uniq_margery
Vaults:4: v_pattern_3, v_misc_5, v_misc_24, nicolae_vaults_border_crossing,
          vaults_mumra_hexcomb, hangedman_vaults_pinch, v_misc_28,
          nicolae_vaults_ring_of_whatevers, ontoclasm_vaults_hangar,
          nicolae_vaults_quartermaster, nicolae_vaults_little_squares_1,
          nicolae_vaults_theta, layout_vaults_omnibox, uniq_mennas
Vaults:5: serial_shops
Crypt:1:  layout_basic, palyth_stone_intersect, serial_sigils_hangedman_snap
Crypt:2:  gammafunk_dig_for_victory, layout_catacombs, st_stairs_4,
          grunt_megastairs_4
Crypt:3:  lightli_unholy_cathedral, layout_chaotic_city,
          tomb_entry_shell_bobbens, glass_columns_a, columned_hall_lemuel,
          minmay_misc_feat_alley
Depths:1: layout_honeycomb, minmay_misc_feat_cross, grunt_metal_band,
          rand_demon_pan_entry_7, hangedman_abyss_or_decor_clamps, nrook_uturn,
          kennysheep_small_square, uniq_enchantress
Depths:2: minmay_nine_rooms, layout_basic, hangedman_geh_valley, pan_entry,
          infiniplex_staircase_trident
Depths:3: kennysheep_treasure_stockpile, layout_cave_pools,
          hangedman_abyss_or_decor_stagger, grunt_pan_entry_zigzag,
          pf_hell_entry_tar_spiral, minmay_staircase_bubble
Depths:4: minmay_strange_plus, layout_basic, serial_shops, bzr_in_the_mist,
          abyss_entry_flame_altar, grunt_pan_entry_sceptre,
          serial_sigils_hangedman_stare, hell_entry,
          minmay_staircase_statues_hall_small
Depths:5: grunt_zot_entry_bicorn, layout_twisted_cross, enter_ziggurat_d,
          minmay_misc_feat_tower, serial_shops, shop, hell_entry,
          serial_bayou_shore_b, minmay_shop_grove
Zot:1:    infiniplex_zot_generator, layout_gridlike, uniq_tiamat
Zot:2:    cheibrodos_zot_enchanting_chambers, layout_twisted_circle,
          hangedman_snake_sidewinding
Zot:3:    layout_basic, hangedman_zot_decor_unnerving_road
Zot:4:    layout_onion_interference, zot_minivault_6, grunt_megastairs_5
Zot:5:    layout_misc_corridors

Skill      XL: |  1  2  3  4  5  6  7  8  9 10 11 12 13 14 15 16 17 18 19 20 21 22 23 24 25 26 27 |
---------------+----------------------------------------------------------------------------------+-----
Fighting       | 4 5 8 9 10 12 13 15 17 18 23 24 25 27 | 27.0
Axes           | 3 4 5 6 8 10 12 14 16 18 20 24 | 24.0
Dodging        | 2 3 4 5 6 8 9 10 12 13 14 15 16 17 18 24 | 24.0
Armour         | 3 4 5 6 7 8 9 11 12 13 15 16 17 18 20 25 | 25.9
Invocations    | 2 3 4 5 6 8 9 11 12 14 16 | 16.0
Evocations     | 2 3 4 5 6 8 9 10 11 14 15 | 15.0
Throwing       | 2 4 |  4.0
Shields        | 7 10 14 15 17 18 19 20 21 22 23 25 | 25.0

Action                   |  1- 3 |  4- 6 |  7- 9 | 10-12 | 13-15 | 16-18 | 19-21 | 22-24 | 25-27 || total
-------------------------+-------+-------+-------+-------+-------+-------+-------+-------+-------++-------
Melee: Hand axe          |    86 |   256 |   591 |   157 |    33 |       |       |       |       ||  1123
       Headbutt          |    16 |    48 |    98 |   149 |   307 |   285 |   448 |   555 |   890 ||  2796
       War axe           |       |       |     6 |   512 |   838 |       |       |       |       ||  1356
       Broad axe         |       |       |       |       |   538 |  1171 |  1397 |  1698 |  2462 ||  7266
Throw: Dart              |       |    14 |    16 |    23 |       |       |       |       |       ||    53
       Stone             |       |       |    20 |    42 |   128 |       |       |       |       ||   190
       Boomerang         |       |       |    11 |    23 |   117 |   102 |     1 |     3 |       ||   257
       Javelin           |       |       |    11 |       |    10 |       |       |       |       ||    21
Invok: Depart the Abyss  |     1 |       |       |       |       |       |       |     1 |     1 ||     3
       Bend Space        |       |       |     3 |    14 |     4 |       |       |       |       ||    21
       Banish            |       |       |       |    11 |     3 |       |       |       |       ||    14
       Corrupt           |       |       |       |       |       |       |       |       |     1 ||     1
Evoke: Wand              |       |       |     7 |    28 |     7 |     5 |     6 |    14 |     9 ||    76
       Tin of tremorston |       |       |       |     2 |     1 |     1 |     3 |     4 |     3 ||    14
       Box of beasts     |       |       |       |       |     1 |     3 |     3 |       |     1 ||     8
       Condenser vane    |       |       |       |       |       |     2 |     2 |     2 |     1 ||     7
       Phial of floods   |       |       |       |       |       |     1 |       |       |     1 ||     2
  Use: Scroll            |       |     9 |     3 |    14 |    21 |     6 |     6 |    15 |     7 ||    81
       Potion            |       |       |     1 |     3 |     2 |       |     2 |     3 |    16 ||    27
 Stab: Invisible         |       |       |       |       |     4 |       |       |       |       ||     4
       Distracted        |       |       |       |       |     1 |     1 |     2 |       |       ||     4
       Confused          |       |       |       |       |       |       |       |       |    13 ||    13
Armor: Scale mail        |    44 |    25 |       |    73 |   190 |   107 |   102 |   177 |   292 ||  1010
       Chain mail        |       |   105 |   299 |    69 |       |       |       |       |       ||   473
       Ring mail         |       |       |       |       |    95 |       |       |       |       ||    95
Dodge: Dodged            |    47 |   100 |   216 |   159 |   363 |   154 |   178 |   306 |  1033 ||  2556
Block: Other             |       |       |       |    14 |       |       |       |       |       ||    14
       Kite shield       |       |       |       |   193 |   443 |    13 |       |       |       ||   649
       Reflection        |       |       |       |    12 |    36 |   102 |   124 |   135 |    82 ||   491
       Tower shield      |       |       |       |       |  1161 |  1199 |  1409 |  1884 |  2872 ||  8525
